Thunderbirds vs Phantoms
Created - April 30, 2022 at 23:43
Goals
|
| Thunderbirds |
1 |
4 |
0 |
5 |
| Phantoms |
1 |
1 |
2 |
4 |
|
Shots
|
| Thunderbirds |
9 |
18 |
11 |
38 |
| Phantoms |
16 |
6 |
17 |
39 |
|
1st period
1. Thunderbirds , Quinton Howden 39 (Jerry D'Amigo 28, Kirill Kaprizov 34) at 7:25
2. Phantoms , Erik Nystrom 16 (Reid McNeill 10, Jake Dotchin 30) at 8:41
Penalties :
Quinton Howden (Spr) for Holding (Minor) at 4:42, Mitchell Heard (Spr) for Hooking (Minor) at 10:39, Brenden Kichton (Leh) for Roughing (Minor) at 16:45
2nd period
3. Phantoms , Cristoval Nieves 22 (Ivan Provorov 29) at 2:00
4. Thunderbirds , Kirill Kaprizov 22 (Quinton Howden 53, Jerry D'Amigo 29) at 2:12
5. Thunderbirds , Kirill Kaprizov 23 (Quinton Howden 54) at 2:20
6. Thunderbirds , Elias Lindholm 25 (Tom Kuhnhackl 26, Valentin Zykov 43) at 7:34
7. Thunderbirds , Tanner Laczynski 13 (Michal Jordan 8, Carter Hutton) at 17:24
Penalties :
No Penalty
3rd period
8. Phantoms , Alex DeBrincat 21 (Nick Shore 32) at 4:52
9. Phantoms , Nick Shore 25 (Jake Dotchin 31) at 5:04
Penalties :
Elias Lindholm (Spr) for Hooking (Minor) at 5:49, Mitchell Heard (Spr) for High sticking (Minor) at 13:24, Nick Shore (Leh) for Hooking (Minor) at 17:07
Goalie Stats
Carter Hutton (Spr), 35 saves from 39 shots - (0.897), W, 24-10-4, 60:00 minutes
Anton Forsberg (Leh), 13 saves from 17 shots - (0.765), 27:34 minutes
Zachary Fucale (Leh), 20 saves from 21 shots - (0.952), L, 5-7-0, 32:26 minutes
Players Stats for Thunderbirds
Player Name G A P +/- PIM S H SB GA TA FO MP PP MP PK MP
------------------------------------------------------------------------------------
Clayton Keller 0 0 0 -1 0 2 0 0 0 0 0/0 6:15 0:00 0:00
Elias Lindholm 1 0 1 1 2 1 1 1 0 0 3/7 17:30 1:34 2:04
Griffin Reinhart 0 0 0 1 0 2 3 4 0 1 0/0 27:02 2:42 3:05
Hudson Fasching 0 0 0 0 0 4 0 0 0 0 0/0 14:21 0:00 2:30
Jake Walman 0 0 0 -1 0 0 0 1 0 0 0/0 13:39 0:00 1:33
Jerry D'Amigo 0 2 2 1 0 3 0 1 0 0 1/2 17:49 2:24 0:00
John Draeger 0 0 0 1 0 0 0 2 0 0 0/0 20:30 1:16 4:29
Kirill Kaprizov 2 1 3 1 0 6 2 1 0 0 0/2 20:52 2:24 2:09
Matt Puempel 0 0 0 0 0 2 1 0 1 0 0/0 10:50 0:00 0:08
Michal Jordan 0 1 1 1 0 1 1 1 1 0 0/0 18:27 1:16 2:55
Mitchell Heard 0 0 0 0 4 3 1 0 0 0 3/5 13:20 0:00 1:41
Niklas Hansson 0 0 0 1 0 2 1 4 0 0 0/0 28:17 2:42 3:50
Quinton Howden 1 2 3 1 2 7 0 0 3 1 24/48 21:45 2:24 3:02
Roberts Lipsbergs 0 0 0 -1 0 0 0 0 0 0 0/0 6:15 0:00 0:00
Tanner Laczynski 1 0 1 -1 0 1 0 0 1 0 1/1 8:30 0:00 1:09
Tom Kuhnhackl 0 1 1 1 0 0 1 1 0 0 0/0 19:12 1:34 3:09
Valentin Zykov 0 1 1 1 0 3 3 2 0 1 0/0 15:21 1:34 0:00
Viktor Baldayev 0 0 0 -1 0 1 2 0 0 2 0/0 12:05 0:00 0:00
Players Stats for Phantoms
Player Name G A P +/- PIM S H SB GA TA FO MP PP MP PK MP
------------------------------------------------------------------------------------
Alex DeBrincat 1 0 1 1 0 2 1 1 0 0 0/1 15:43 3:43 0:00
Anthony Angello 0 0 0 0 0 0 0 0 0 0 0/0 0:00 0:00 0:00
Blake Heinrich 0 0 0 0 0 1 0 1 0 0 0/0 9:35 0:00 0:00
Brendan Leipsic 0 0 0 0 0 0 0 0 0 0 0/0 2:47 0:29 0:22
Brenden Kichton 0 0 0 0 2 0 0 0 0 0 0/0 9:34 0:00 0:00
Calle Jarnkrok 0 0 0 -2 0 4 1 0 0 0 17/26 23:30 3:46 2:36
Cristoval Nieves 1 0 1 0 0 2 1 0 1 2 1/4 10:53 0:00 0:00
David Kampf 0 0 0 0 0 3 0 0 0 0 0/0 7:08 0:29 0:00
Devon Teows 0 0 0 1 0 0 1 0 0 0 0/0 4:04 0:00 0:00
Erik Nystrom 1 0 1 0 0 3 0 0 0 0 0/0 6:10 0:00 0:00
Ivan Provorov 0 1 1 -1 0 2 1 0 1 0 0/0 19:22 3:13 1:26
Jake Dotchin 0 2 2 -1 0 2 3 4 0 1 0/0 26:59 4:43 2:32
JC Lipon 0 0 0 0 0 0 0 0 0 0 0/0 1:08 0:22 0:00
Laurent Dauphin 0 0 0 0 0 0 0 0 0 0 0/0 1:06 0:00 0:25
Lucas Wallmarkk 0 0 0 0 0 0 1 0 0 1 0/3 6:10 0:00 0:00
Mark Alt 0 0 0 -1 0 2 1 2 0 0 0/0 19:22 3:13 1:26
Michael Bournival 0 0 0 -2 0 7 1 1 2 1 2/3 23:24 3:44 2:33
Mikko Lehtonen 0 0 0 0 0 0 0 0 0 0 0/0 0:00 0:00 0:00
Morgan Klimchuk 0 0 0 0 0 0 1 0 0 0 1/2 10:53 0:00 0:00
Nick Shore 1 1 2 1 2 3 4 0 0 0 11/24 16:23 3:43 0:00
Nick Sorensen 0 0 0 0 0 0 0 0 0 0 0/0 12:12 0:05 0:00
Reid McNeill 0 1 1 -1 0 0 2 1 1 1 0/0 26:59 4:43 2:32
Rinat Valiev 0 0 0 1 0 0 0 0 0 0 0/0 4:04 0:00 0:00
Sven Andrighetto 0 0 0 1 0 0 5 1 0 0 1/2 16:43 3:43 1:00
Travis Konecny 0 0 0 -2 0 8 3 1 0 0 0/0 21:51 3:44 1:00
3 Stars
1 - Kirill Kaprizov (Spr)
2 - Quinton Howden (Spr)
3 - Nick Shore (Leh)
Power Play
Thunderbirds - 0 on 2 Attempt(s) - 0.00%
Phantoms - 0 on 4 Attempt(s) - 0.00%
Penalty Kill
Thunderbirds - 4 on 4 Attempt(s) - 100.00%
- Score 0 goal in Penalty Kill
Phantoms - 2 on 2 Attempt(s) - 100.00%
- Score 0 goal in Penalty Kill
Team Stat
Thunderbirds - Hits : 16 - Faceoff Wins : 32 - Blocked Shots : 18 - Penalty Minutes : 8
Phantoms - Hits : 26 - Faceoff Wins : 33 - Blocked Shots : 12 - Penalty Minutes : 4
Official
Referees : Ian Walsh and Mitch Dunning
Linesman : Steve Miller and Andrew Smith
Game Notes
JC Lipon is injured at 7:09 of 1st period (Left Hand)
Zachary Fucale enters game at 7:34 of 2nd period
Finance
Level 1 -- Attendance: 1863 (93.15%) -- Ticket Income $65,205
Level 2 -- Attendance: 554 (55.40%) -- Ticket Income $11,080
Total Attendance: 2417 (80.57%)
Total Ticket Income: $76,285
Other Income: $3,814
Total Income: $80,099
Thunderbirds
5 vs 5 Forward
Center Left Wing Right Wing Time % Phy DF OF
1 Quinton Howden Kirill Kaprizov Jerry D'Amigo 40 0 2 3
2 Elias Lindholm Valentin Zykov Tom Kuhnhackl 30 0 2 3
3 Mitchell Heard Matt Puempel Hudson Fasching 20 1 2 2
4 Tanner Laczynski Roberts Lipsbergs Clayton Keller 10 0 2 3
5 vs 5 Defense
Defense Defense Time % Phy DF OF
1 Griffin Reinhart Niklas Hansson 40 0 2 3
2 Michal Jordan John Draeger 30 0 2 3
3 Viktor Baldayev Jake Walman 20 1 2 2
4 Griffin Reinhart Niklas Hansson 10 0 2 3
PowerPlay Forward
Center Left Wing Right Wing Time % Phy DF OF
1 Quinton Howden Kirill Kaprizov Jerry D'Amigo 60 0 1 4
2 Elias Lindholm Valentin Zykov Tom Kuhnhackl 40 0 1 4
PowerPlay Defense
Defense Defense Time % Phy DF OF
1 Griffin Reinhart Niklas Hansson 60 0 2 3
2 Michal Jordan John Draeger 40 0 2 3
Penalty Kill 4 Players Forward
Center Wing Time % Phy DF OF
1 Quinton Howden Tom Kuhnhackl 60 1 3 1
2 Mitchell Heard Hudson Fasching 40 1 3 1
Penalty Kill 4 Players Defense
Defense Defense Time % Phy DF OF
1 Niklas Hansson John Draeger 60 1 4 0
2 Griffin Reinhart Michal Jordan 40 1 4 0
Penalty Kill - 3 Players Forward
Forward Time % Phy DF OF
1 Quinton Howden 60 1 3 1
2 Mitchell Heard 40 1 3 1
Penalty Kill - 3 Players Defense
Defense Defense Time % Phy DF OF
1 Niklas Hansson John Draeger 60 1 4 0
2 Griffin Reinhart Michal Jordan 40 1 4 0
4 vs 4 Forward
Center Wing Time % Phy DF OF
1 Quinton Howden Kirill Kaprizov 60 0 2 3
2 Elias Lindholm Valentin Zykov 40 0 2 3
4 vs 4 Defense
Defense Defense Time % Phy DF OF
1 Griffin Reinhart Niklas Hansson 60 0 2 3
2 Michal Jordan John Draeger 40 0 2 3
Last Minutes Offensive
Center Left Wing Right Wing Defense Defense
Quinton Howden Kirill Kaprizov Tom Kuhnhackl Griffin Reinhart Niklas Hansson
Last Minutes Defensive
Center Left Wing Right Wing Defense Defense
Quinton Howden Kirill Kaprizov Tom Kuhnhackl Niklas Hansson John Draeger
Goaltenders
Starting : Carter Hutton
Backup : Igor Bobkov
Extra Forwards
Normal : Valentin Zykov, Kirill Kaprizov, Quinton Howden - PP : Hudson Fasching, Clayton Keller - PK : Elias Lindholm
Extra Defensemen
Normal : John Draeger, Niklas Hansson, Griffin Reinhart - PP : Viktor Baldayev - PK : Griffin Reinhart, Niklas Hansson
Penalty Shots
Tanner Laczynski, Tom Kuhnhackl, Quinton Howden, Elias Lindholm, Valentin Zykov
Scratches
Austin Poganski (Healthy), Connor Honey (Healthy), Dmytro Timashov (Healthy), Keaton Thompson (Healthy), Kyle Platzer (Healthy)
Lukas Vejdemo (Healthy), Michael McCarron (Healthy), Nelson Nogier (Healthy), Nicklas Jensen (Healthy), Calvin Thurkauf (Healthy)
Artur Kayumov (Healthy), Niklas Treutle (Healthy), Artyom Zagidulin (Healthy)
Phantoms
5 vs 5 Forward
Center Left Wing Right Wing Time % Phy DF OF
1 Calle Jarnkrok Michael Bournival Travis Konecny 40 1 2 2
2 Nick Shore Alex DeBrincat Sven Andrighetto 30 1 2 2
3 Cristoval Nieves Morgan Klimchuk Nick Sorensen 20 1 2 2
4 Lucas Wallmarkk Erik Nystrom JC Lipon 10 1 2 2
5 vs 5 Defense
Defense Defense Time % Phy DF OF
1 Reid McNeill Jake Dotchin 40 1 2 2
2 Ivan Provorov Mark Alt 30 1 2 2
3 Blake Heinrich Brenden Kichton 20 1 2 2
4 Rinat Valiev Devon Teows 10 1 2 2
PowerPlay Forward
Center Left Wing Right Wing Time % Phy DF OF
1 Calle Jarnkrok Michael Bournival Travis Konecny 60 1 2 2
2 Nick Shore Alex DeBrincat Sven Andrighetto 40 1 2 2
PowerPlay Defense
Defense Defense Time % Phy DF OF
1 Reid McNeill Jake Dotchin 60 1 2 2
2 Ivan Provorov Mark Alt 40 1 2 2
Penalty Kill 4 Players Forward
Center Wing Time % Phy DF OF
1 Calle Jarnkrok Michael Bournival 60 1 2 2
2 Travis Konecny Sven Andrighetto 40 1 2 2
Penalty Kill 4 Players Defense
Defense Defense Time % Phy DF OF
1 Reid McNeill Jake Dotchin 60 1 2 2
2 Ivan Provorov Mark Alt 40 1 2 2
Penalty Kill - 3 Players Forward
Forward Time % Phy DF OF
1 Calle Jarnkrok 60 1 2 2
2 Michael Bournival 40 1 2 2
Penalty Kill - 3 Players Defense
Defense Defense Time % Phy DF OF
1 Reid McNeill Jake Dotchin 60 1 2 2
2 Ivan Provorov Mark Alt 40 1 2 2
4 vs 4 Forward
Center Wing Time % Phy DF OF
1 Calle Jarnkrok Michael Bournival 60 1 2 2
2 Travis Konecny Sven Andrighetto 40 1 2 2
4 vs 4 Defense
Defense Defense Time % Phy DF OF
1 Reid McNeill Jake Dotchin 60 1 2 2
2 Ivan Provorov Mark Alt 40 1 2 2
Last Minutes Offensive
Center Left Wing Right Wing Defense Defense
Calle Jarnkrok Michael Bournival Travis Konecny Reid McNeill Jake Dotchin
Last Minutes Defensive
Center Left Wing Right Wing Defense Defense
Calle Jarnkrok Michael Bournival Travis Konecny Reid McNeill Jake Dotchin
Goaltenders
Starting : Anton Forsberg
Backup : Zachary Fucale
Extra Forwards
Normal : David Kampf, Brendan Leipsic, Laurent Dauphin - PP : David Kampf, Brendan Leipsic - PK : Laurent Dauphin
Extra Defensemen
Normal : Mikko Lehtonen, Blake Heinrich, Brenden Kichton - PP : Mikko Lehtonen - PK : Blake Heinrich, Brenden Kichton
Penalty Shots
Calle Jarnkrok, Michael Bournival, Travis Konecny, Sven Andrighetto, Alex DeBrincat
Scratches
A.J. Greer (Healthy), Cooper Marody (Healthy), Brett Murray (Healthy), Matt Kiersted (Healthy), Riley Stillman (Healthy)
Jason Kasdorf (Healthy)
% Time on Ice - Thunderbirds
Lines # - Real PCT - Wanted PCT - Time Play
Normal Forward
1 - 35% - 40% - 16:32
2 - 29% - 30% - 13:49
3 - 22% - 20% - 10:37
4 - 13% - 10% - 6:15
Normal Defense
1 - 40% - 40% - 18:43
2 - 30% - 30% - 14:16
3 - 26% - 20% - 12:05
4 - 5% - 10% - 2:09
PP Forward
1 - 61% - 60% - 2:24
2 - 39% - 40% - 1:34
PP Defense
1 - 68% - 60% - 2:42
2 - 32% - 40% - 1:16
PK Forward
1 - 68% - 60% - 5:26
2 - 32% - 40% - 2:30
PK Defense
1 - 63% - 60% - 5:01
2 - 37% - 40% - 2:55
PK3 Forward
1 - 0% - 60%
2 - 0% - 40%
PK3 Defense
1 - 0% - 60%
2 - 0% - 40%
44 Forward
1 - 0% - 60%
2 - 0% - 40%
44 Defense
1 - 0% - 60%
2 - 0% - 40%
Last Minute Offensive - 0:00
Last Minute Defensive - 0:53
Total
Forward - 60:00
Defense - 60:00
|
% Time on Ice - Phantoms
Lines # - Real PCT - Wanted PCT - Time Play
Normal Forward
1 - 39% - 40% - 18:51
2 - 25% - 30% - 12:00
3 - 23% - 20% - 10:53
4 - 13% - 10% - 6:10
Normal Defense
1 - 41% - 40% - 19:32
2 - 31% - 30% - 14:43
3 - 20% - 20% - 9:35
4 - 8% - 10% - 4:04
PP Forward
1 - 53% - 60% - 4:13
2 - 47% - 40% - 3:43
PP Defense
1 - 59% - 60% - 4:43
2 - 41% - 40% - 3:13
PK Forward
1 - 75% - 60% - 2:58
2 - 25% - 40% - 1:00
PK Defense
1 - 64% - 60% - 2:32
2 - 36% - 40% - 1:26
PK3 Forward
1 - 0% - 60%
2 - 0% - 40%
PK3 Defense
1 - 0% - 60%
2 - 0% - 40%
44 Forward
1 - 0% - 60%
2 - 0% - 40%
44 Defense
1 - 0% - 60%
2 - 0% - 40%
Last Minute Offensive - 0:12
Last Minute Defensive - 0:00
Total
Forward - 60:00
Defense - 60:00
|
Play-by-Play
1st period
0:01 of 1st period - Quinton Howden wins face-off versus Calle Jarnkrok in neutral zone.
0:27 of 1st period - Elias Lindholm is hit by Sven Andrighetto and loses puck.
1:18 of 1st period - Snap shot by Michal Jordan.
1:18 of 1st period - Shot Misses the Net.
1:40 of 1st period - Blake Heinrich is hit by Kirill Kaprizov and loses puck.
1:55 of 1st period - Slapshot by Valentin Zykov.
1:55 of 1st period - Stopped by Anton Forsberg without a rebound.
1:56 of 1st period - Mitchell Heard wins face-off versus Nick Shore in Phantoms zone.
1:59 of 1st period - Snap shot by Hudson Fasching.
1:59 of 1st period - Stopped by Anton Forsberg with a rebound.
2:01 of 1st period - Wrist shot by Mitchell Heard.
2:01 of 1st period - Stopped by Anton Forsberg with a rebound.
2:03 of 1st period - Wrist shot by Viktor Baldayev.
2:03 of 1st period - Stopped by Anton Forsberg without a rebound.
2:04 of 1st period - Calle Jarnkrok wins face-off versus Mitchell Heard in Phantoms zone.
4:02 of 1st period - Niklas Hansson is hit by Calle Jarnkrok and loses puck.
4:25 of 1st period - Wrist shot by Calle Jarnkrok.
4:25 of 1st period - Stopped by Carter Hutton with a rebound.
4:27 of 1st period - Wrist shot by Calle Jarnkrok.
4:27 of 1st period - Stopped by Carter Hutton with a rebound.
4:29 of 1st period - Slapshot by Michael Bournival.
4:29 of 1st period - Shot Misses the Net.
4:31 of 1st period - Wrist shot by Travis Konecny.
4:31 of 1st period - Shot Misses the Net.
4:33 of 1st period - Slapshot by Blake Heinrich.
4:33 of 1st period - Stopped by Carter Hutton with a rebound.
4:37 of 1st period - Snap shot by Michael Bournival.
4:37 of 1st period - Shot Blocked by Elias Lindholm.
4:39 of 1st period - Slapshot by Michael Bournival.
4:39 of 1st period - Stopped by Carter Hutton without a rebound.
4:40 of 1st period - Quinton Howden wins face-off versus Nick Shore in Thunderbirds zone.
4:42 of 1st period - Minor Penalty to Quinton Howden for Holding.
4:43 of 1st period - Nick Shore wins face-off versus Elias Lindholm in Thunderbirds zone.
5:09 of 1st period - John Draeger is hit by Jake Dotchin and loses puck.
5:26 of 1st period - Alex DeBrincat is hit by Niklas Hansson and loses puck.
5:35 of 1st period - Wrist shot by Hudson Fasching.
5:35 of 1st period - Shot Blocked by Sven Andrighetto.
6:07 of 1st period - Michal Jordan is hit by Reid McNeill and loses puck.
6:42 of 1st period - Penalty to Quinton Howden is over, Quinton Howden is back on ice.
6:49 of 1st period - Viktor Baldayev is hit by Reid McNeill and loses puck.
6:56 of 1st period - Wrist shot by Cristoval Nieves.
6:56 of 1st period - Stopped by Carter Hutton with a rebound.
7:08 of 1st period - JC Lipon is hit by Kirill Kaprizov and loses puck.
7:09 of 1st period - JC Lipon from Phantoms is injured at 7:09 of 1st period (Left Hand).
7:10 of 1st period - Quinton Howden wins face-off versus Nick Shore in Phantoms zone.
7:25 of 1st period - Snap shot by Quinton Howden.
7:25 of 1st period - Goal by Quinton Howden - Thunderbirds : 1 - Phantoms : 0.
7:26 of 1st period - Nick Shore wins face-off versus Quinton Howden in neutral zone.
7:55 of 1st period - Backhand shot by Michael Bournival.
7:55 of 1st period - Stopped by Carter Hutton with a rebound.
8:05 of 1st period - Wrist shot by Travis Konecny.
8:05 of 1st period - Stopped by Carter Hutton with a rebound.
8:29 of 1st period - Slapshot by Mitchell Heard.
8:29 of 1st period - Shot Misses the Net.
8:41 of 1st period - Snap shot by Erik Nystrom.
8:41 of 1st period - Goal by Erik Nystrom - Thunderbirds : 1 - Phantoms : 1.
8:42 of 1st period - Nick Shore wins face-off versus Quinton Howden in neutral zone.
9:33 of 1st period - Slapshot by Hudson Fasching.
9:33 of 1st period - Shot Misses the Net.
10:17 of 1st period - Wrist shot by Nick Shore.
10:17 of 1st period - Shot Blocked by Michal Jordan.
10:39 of 1st period - Minor Penalty to Mitchell Heard for Hooking.
10:40 of 1st period - Calle Jarnkrok wins face-off versus Quinton Howden in Thunderbirds zone.
10:43 of 1st period - Snap shot by Travis Konecny.
10:43 of 1st period - Shot Blocked by John Draeger.
10:45 of 1st period - Snap shot by Travis Konecny.
10:45 of 1st period - Shot Misses the Net.
10:47 of 1st period - Slapshot by Jake Dotchin.
10:47 of 1st period - Shot Blocked by Niklas Hansson.
10:49 of 1st period - Slapshot by Jake Dotchin.
10:49 of 1st period - Shot Misses the Net.
10:51 of 1st period - Slapshot by Travis Konecny.
10:51 of 1st period - Stopped by Carter Hutton with a rebound.
10:53 of 1st period - Slapshot by Reid McNeill.
10:53 of 1st period - Shot Misses the Net.
10:55 of 1st period - Snap shot by Travis Konecny.
10:55 of 1st period - Stopped by Carter Hutton with a rebound.
11:11 of 1st period - Snap shot by Hudson Fasching.
11:11 of 1st period - Shot Blocked by Reid McNeill.
12:39 of 1st period - Penalty to Mitchell Heard is over, Mitchell Heard is back on ice.
12:51 of 1st period - Off-side.
12:52 of 1st period - Quinton Howden wins face-off versus Cristoval Nieves in neutral zone.
12:55 of 1st period - Slapshot by Michal Jordan.
12:55 of 1st period - Shot Blocked by Mark Alt.
13:15 of 1st period - Wrist shot by Clayton Keller.
13:15 of 1st period - Stopped by Anton Forsberg without a rebound.
13:16 of 1st period - Tanner Laczynski wins face-off versus Lucas Wallmarkk in Phantoms zone.
13:17 of 1st period - Slapshot by Griffin Reinhart.
13:17 of 1st period - Deflect By Tanner Laczynski.
13:17 of 1st period - Shot Misses the Net.
13:17 of 1st period - Puck is out of play.
13:18 of 1st period - Quinton Howden wins face-off versus Lucas Wallmarkk in Phantoms zone.
13:19 of 1st period - Wrist shot by Jerry D'Amigo.
13:19 of 1st period - Shot Blocked by Blake Heinrich.
13:29 of 1st period - Slapshot by Erik Nystrom.
13:29 of 1st period - Stopped by Carter Hutton without a rebound.
13:30 of 1st period - Jerry D'Amigo wins face-off versus Calle Jarnkrok in Thunderbirds zone.
13:42 of 1st period - Wrist shot by Quinton Howden.
13:42 of 1st period - Deflect By Kirill Kaprizov.
13:42 of 1st period - Shot Misses the Net.
13:42 of 1st period - Puck is out of play.
13:43 of 1st period - Quinton Howden wins face-off versus Calle Jarnkrok in Phantoms zone.
13:53 of 1st period - Off-side.
13:54 of 1st period - Quinton Howden wins face-off versus Nick Shore in neutral zone.
14:20 of 1st period - Tom Kuhnhackl is hit by Michael Bournival and loses puck.
14:31 of 1st period - Slapshot by Michael Bournival.
14:31 of 1st period - Stopped by Carter Hutton with a rebound.
14:33 of 1st period - Wrist shot by Ivan Provorov.
14:33 of 1st period - Stopped by Carter Hutton without a rebound.
14:34 of 1st period - Quinton Howden wins face-off versus Cristoval Nieves in Thunderbirds zone.
14:49 of 1st period - Snap shot by Jerry D'Amigo.
14:49 of 1st period - Deflect By Quinton Howden.
14:49 of 1st period - Stopped by Anton Forsberg with a rebound.
14:59 of 1st period - Ivan Provorov is hit by Elias Lindholm and loses puck.
15:17 of 1st period - Off-side.
15:18 of 1st period - Mitchell Heard wins face-off versus Nick Shore in neutral zone.
16:34 of 1st period - Slapshot by David Kampf.
16:34 of 1st period - Stopped by Carter Hutton without a rebound.
16:35 of 1st period - Quinton Howden wins face-off versus Nick Shore in Thunderbirds zone.
16:35 of 1st period - Quinton Howden is hit by Sven Andrighetto.
16:43 of 1st period - Snap shot by Jerry D'Amigo.
16:43 of 1st period - Shot Misses the Net.
16:45 of 1st period - Minor Penalty to Brenden Kichton for Roughing.
16:46 of 1st period - Calle Jarnkrok wins face-off versus Quinton Howden in Phantoms zone.
16:56 of 1st period - Wrist shot by Jerry D'Amigo.
16:56 of 1st period - Stopped by Anton Forsberg without a rebound.
16:57 of 1st period - Quinton Howden wins face-off versus Calle Jarnkrok in Phantoms zone.
17:08 of 1st period - Backhand shot by Griffin Reinhart.
17:08 of 1st period - Deflect By Jerry D'Amigo.
17:08 of 1st period - Shot Misses the Net.
17:08 of 1st period - Puck is out of play.
17:09 of 1st period - Quinton Howden wins face-off versus Calle Jarnkrok in Phantoms zone.
17:22 of 1st period - Slapshot by Griffin Reinhart.
17:22 of 1st period - Stopped by Anton Forsberg without a rebound.
17:23 of 1st period - Calle Jarnkrok wins face-off versus Quinton Howden in Phantoms zone.
17:36 of 1st period - Michael Bournival is hit by Griffin Reinhart and loses puck.
18:03 of 1st period - Snap shot by Elias Lindholm.
18:03 of 1st period - Shot Hit the Post.
18:45 of 1st period - Penalty to Brenden Kichton is over, Brenden Kichton is back on ice.
19:19 of 1st period - Tanner Laczynski is hit by Lucas Wallmarkk and loses puck.
19:44 of 1st period - Wrist shot by Alex DeBrincat.
19:44 of 1st period - Shot Misses the Net.
19:46 of 1st period - Snap shot by Nick Shore.
19:46 of 1st period - Stopped by Carter Hutton with a rebound.
19:48 of 1st period - Slapshot by Devon Teows.
19:48 of 1st period - Shot Misses the Net.
19:50 of 1st period - Slapshot by Nick Shore.
19:50 of 1st period - Deflect By Sven Andrighetto.
19:50 of 1st period - Shot Misses the Net.
19:50 of 1st period - Puck is out of play.
19:51 of 1st period - Calle Jarnkrok wins face-off versus Quinton Howden in Thunderbirds zone.
19:54 of 1st period - Snap shot by Travis Konecny.
19:54 of 1st period - Stopped by Carter Hutton with a rebound.
Goals for this period are 1 for Thunderbirds vs 1 for Phantoms.
Shots for this period are 9 for Thunderbirds vs 16 for Phantoms.
2nd period
0:01 of 2nd period - Calle Jarnkrok wins face-off versus Quinton Howden in neutral zone.
0:26 of 2nd period - Sven Andrighetto is hit by Mitchell Heard and loses puck.
0:31 of 2nd period - Snap shot by Hudson Fasching.
0:31 of 2nd period - Stopped by Anton Forsberg without a rebound.
0:32 of 2nd period - Mitchell Heard wins face-off versus Alex DeBrincat in Phantoms zone.
0:33 of 2nd period - Snap shot by Hudson Fasching.
0:33 of 2nd period - Shot Misses the Net.
0:35 of 2nd period - Wrist shot by Hudson Fasching.
0:35 of 2nd period - Shot Blocked by Alex DeBrincat.
0:37 of 2nd period - Slapshot by Mitchell Heard.
0:37 of 2nd period - Stopped by Anton Forsberg with a rebound.
0:39 of 2nd period - Slapshot by Mitchell Heard.
0:39 of 2nd period - Shot Misses the Net.
0:41 of 2nd period - Wrist shot by Matt Puempel.
0:41 of 2nd period - Stopped by Anton Forsberg with a rebound.
0:43 of 2nd period - Wrist shot by Mitchell Heard.
0:43 of 2nd period - Stopped by Anton Forsberg without a rebound.
0:44 of 2nd period - Calle Jarnkrok wins face-off versus Quinton Howden in Phantoms zone.
0:58 of 2nd period - Wrist shot by Travis Konecny.
0:58 of 2nd period - Shot Misses the Net.
1:00 of 2nd period - Slapshot by Jake Dotchin.
1:00 of 2nd period - Shot Blocked by Griffin Reinhart.
1:10 of 2nd period - Elias Lindholm is hit by Sven Andrighetto.
1:11 of 2nd period - Icing by Elias Lindholm.
1:12 of 2nd period - Nick Shore wins face-off versus Elias Lindholm in Thunderbirds zone.
2:00 of 2nd period - Snap shot by Cristoval Nieves.
2:00 of 2nd period - Goal by Cristoval Nieves - Thunderbirds : 1 - Phantoms : 2.
2:01 of 2nd period - Quinton Howden wins face-off versus Calle Jarnkrok in neutral zone.
2:12 of 2nd period - Snap shot by Kirill Kaprizov.
2:12 of 2nd period - Goal by Kirill Kaprizov - Thunderbirds : 2 - Phantoms : 2.
2:13 of 2nd period - Calle Jarnkrok wins face-off versus Quinton Howden in neutral zone.
2:20 of 2nd period - Slapshot by Kirill Kaprizov.
2:20 of 2nd period - Goal by Kirill Kaprizov - Thunderbirds : 3 - Phantoms : 2.
2:21 of 2nd period - Calle Jarnkrok wins face-off versus Quinton Howden in neutral zone.
3:03 of 2nd period - Wrist shot by Travis Konecny.
3:03 of 2nd period - Shot Blocked by Niklas Hansson.
3:05 of 2nd period - Snap shot by Travis Konecny.
3:05 of 2nd period - Stopped by Carter Hutton with a rebound.
3:33 of 2nd period - Mitchell Heard is hit by Travis Konecny and loses puck.
4:35 of 2nd period - John Draeger is hit by Travis Konecny and loses puck.
4:52 of 2nd period - Brenden Kichton is hit by Matt Puempel and loses puck.
4:59 of 2nd period - Snap shot by Matt Puempel.
4:59 of 2nd period - Stopped by Anton Forsberg with a rebound.
5:01 of 2nd period - Snap shot by Michal Jordan.
5:01 of 2nd period - Shot Misses the Net.
5:35 of 2nd period - Snap shot by Michael Bournival.
5:35 of 2nd period - Shot Blocked by John Draeger.
6:36 of 2nd period - Snap shot by Michael Bournival.
6:36 of 2nd period - Stopped by Carter Hutton with a rebound.
6:55 of 2nd period - Off-side.
6:56 of 2nd period - Quinton Howden wins face-off versus Nick Shore in neutral zone.
7:01 of 2nd period - Snap shot by Kirill Kaprizov.
7:01 of 2nd period - Shot Blocked by Jake Dotchin.
7:34 of 2nd period - Wrist shot by Elias Lindholm.
7:34 of 2nd period - Goal by Elias Lindholm - Thunderbirds : 4 - Phantoms : 2.
7:34 of 2nd period - Zachary Fucale enters game.
7:35 of 2nd period - Nick Shore wins face-off versus Quinton Howden in neutral zone.
8:00 of 2nd period - Morgan Klimchuk is hit by Valentin Zykov and loses puck.
8:59 of 2nd period - Morgan Klimchuk is hit by Tom Kuhnhackl and loses puck.
9:36 of 2nd period - Tom Kuhnhackl is hit by Sven Andrighetto and loses puck.
9:56 of 2nd period - Icing by Griffin Reinhart.
9:57 of 2nd period - Sven Andrighetto wins face-off versus Quinton Howden in Thunderbirds zone.
9:58 of 2nd period - Wrist shot by Alex DeBrincat.
9:58 of 2nd period - Stopped by Carter Hutton without a rebound.
9:59 of 2nd period - Nick Shore wins face-off versus Quinton Howden in Thunderbirds zone.
10:32 of 2nd period - Icing by Tom Kuhnhackl.
10:33 of 2nd period - Elias Lindholm wins face-off versus Nick Shore in Thunderbirds zone.
11:08 of 2nd period - Backhand shot by Quinton Howden.
11:08 of 2nd period - Shot Misses the Net.
11:27 of 2nd period - Snap shot by Ivan Provorov.
11:27 of 2nd period - Shot Misses the Net.
11:43 of 2nd period - Snap shot by Tom Kuhnhackl.
11:43 of 2nd period - Shot Misses the Net.
11:45 of 2nd period - Slapshot by Michal Jordan.
11:45 of 2nd period - Stopped by Zachary Fucale without a rebound.
11:46 of 2nd period - Quinton Howden wins face-off versus Morgan Klimchuk in Phantoms zone.
12:32 of 2nd period - Wrist shot by Roberts Lipsbergs.
12:32 of 2nd period - Shot Misses the Net.
12:38 of 2nd period - Jake Walman is hit by Devon Teows and loses puck.
12:55 of 2nd period - Snap shot by Kirill Kaprizov.
12:55 of 2nd period - Shot Misses the Net.
13:05 of 2nd period - Elias Lindholm is hit by Nick Shore.
13:25 of 2nd period - Ivan Provorov is hit by Griffin Reinhart.
13:43 of 2nd period - Slapshot by Kirill Kaprizov.
13:43 of 2nd period - Stopped by Zachary Fucale without a rebound.
13:44 of 2nd period - Quinton Howden wins face-off versus Cristoval Nieves in Phantoms zone.
13:51 of 2nd period - Wrist shot by Jerry D'Amigo.
13:51 of 2nd period - Stopped by Zachary Fucale with a rebound.
13:53 of 2nd period - Snap shot by Quinton Howden.
13:53 of 2nd period - Stopped by Zachary Fucale without a rebound.
13:54 of 2nd period - Quinton Howden wins face-off versus Nick Shore in Phantoms zone.
14:08 of 2nd period - Slapshot by Jerry D'Amigo.
14:08 of 2nd period - Stopped by Zachary Fucale with a rebound.
14:10 of 2nd period - Slapshot by Quinton Howden.
14:10 of 2nd period - Stopped by Zachary Fucale without a rebound.
14:11 of 2nd period - Elias Lindholm wins face-off versus Calle Jarnkrok in Phantoms zone.
14:12 of 2nd period - Snap shot by Tom Kuhnhackl.
14:12 of 2nd period - Shot Misses the Net.
14:14 of 2nd period - Slapshot by Niklas Hansson.
14:14 of 2nd period - Stopped by Zachary Fucale without a rebound.
14:15 of 2nd period - Calle Jarnkrok wins face-off versus Elias Lindholm in Phantoms zone.
14:15 of 2nd period - Calle Jarnkrok is hit by Griffin Reinhart.
14:25 of 2nd period - Slapshot by Griffin Reinhart.
14:25 of 2nd period - Shot Misses the Net.
14:27 of 2nd period - Snap shot by Elias Lindholm.
14:27 of 2nd period - Shot Blocked by Jake Dotchin.
14:29 of 2nd period - Wrist shot by Valentin Zykov.
14:29 of 2nd period - Stopped by Zachary Fucale with a rebound.
14:31 of 2nd period - Slapshot by Elias Lindholm.
14:31 of 2nd period - Shot Blocked by Travis Konecny.
14:50 of 2nd period - Slapshot by Griffin Reinhart.
14:50 of 2nd period - Stopped by Zachary Fucale without a rebound.
14:51 of 2nd period - Nick Shore wins face-off versus Quinton Howden in Phantoms zone.
15:25 of 2nd period - Morgan Klimchuk is hit by Valentin Zykov and loses puck.
16:29 of 2nd period - Sven Andrighetto is hit by Viktor Baldayev and loses puck.
16:52 of 2nd period - Slapshot by Jake Dotchin.
16:52 of 2nd period - Stopped by Carter Hutton with a rebound.
17:24 of 2nd period - Wrist shot by Tanner Laczynski.
17:24 of 2nd period - Goal by Tanner Laczynski - Thunderbirds : 5 - Phantoms : 2.
17:25 of 2nd period - Nick Shore wins face-off versus Quinton Howden in neutral zone.
17:28 of 2nd period - Kirill Kaprizov is hit by Nick Shore and loses puck.
17:33 of 2nd period - Wrist shot by Alex DeBrincat.
17:33 of 2nd period - Shot Misses the Net.
17:35 of 2nd period - Wrist shot by Mark Alt.
17:35 of 2nd period - Stopped by Carter Hutton without a rebound.
17:36 of 2nd period - Quinton Howden wins face-off versus Nick Shore in Thunderbirds zone.
17:49 of 2nd period - Slapshot by Ivan Provorov.
17:49 of 2nd period - Shot Blocked by Kirill Kaprizov.
18:08 of 2nd period - Niklas Hansson is hit by Jake Dotchin and loses puck.
19:22 of 2nd period - Slapshot by Reid McNeill.
19:22 of 2nd period - Shot Blocked by Valentin Zykov.
19:24 of 2nd period - Backhand shot by Reid McNeill.
19:24 of 2nd period - Shot Blocked by Jake Walman.
19:30 of 2nd period - Snap shot by Michael Bournival.
19:30 of 2nd period - Shot Blocked by Valentin Zykov.
Goals for this period are 4 for Thunderbirds vs 1 for Phantoms.
Shots for this period are 18 for Thunderbirds vs 6 for Phantoms.
3rd period
0:01 of 3rd period - Calle Jarnkrok wins face-off versus Quinton Howden in neutral zone.
0:12 of 3rd period - Off-side.
0:13 of 3rd period - Nick Shore wins face-off versus Quinton Howden in neutral zone.
0:16 of 3rd period - Slapshot by Jake Dotchin.
0:16 of 3rd period - Shot Blocked by Griffin Reinhart.
0:22 of 3rd period - Backhand shot by Nick Shore.
0:22 of 3rd period - Stopped by Carter Hutton with a rebound.
0:24 of 3rd period - Slapshot by Jake Dotchin.
0:24 of 3rd period - Stopped by Carter Hutton without a rebound.
0:25 of 3rd period - Michael Bournival wins face-off versus Kirill Kaprizov in Thunderbirds zone.
0:32 of 3rd period - Wrist shot by Kirill Kaprizov.
0:32 of 3rd period - Shot Blocked by Michael Bournival.
1:13 of 3rd period - John Draeger is hit by Cristoval Nieves and loses puck.
2:02 of 3rd period - Snap shot by Quinton Howden.
2:02 of 3rd period - Shot Misses the Net.
2:04 of 3rd period - Wrist shot by Quinton Howden.
2:04 of 3rd period - Stopped by Zachary Fucale without a rebound.
2:05 of 3rd period - Elias Lindholm wins face-off versus Michael Bournival in Phantoms zone.
2:10 of 3rd period - Snap shot by Valentin Zykov.
2:10 of 3rd period - Shot Hit the Post.
2:55 of 3rd period - Tom Kuhnhackl is hit by Mark Alt and loses puck.
3:44 of 3rd period - Snap shot by Michael Bournival.
3:44 of 3rd period - Stopped by Carter Hutton with a rebound.
3:46 of 3rd period - Snap shot by Michael Bournival.
3:46 of 3rd period - Stopped by Carter Hutton without a rebound.
3:47 of 3rd period - Nick Shore wins face-off versus Jerry D'Amigo in Thunderbirds zone.
3:48 of 3rd period - Snap shot by Alex DeBrincat.
3:48 of 3rd period - Shot Misses the Net.
3:58 of 3rd period - Slapshot by Griffin Reinhart.
3:58 of 3rd period - Deflect By Kirill Kaprizov.
3:58 of 3rd period - Stopped by Zachary Fucale with a rebound.
4:00 of 3rd period - Slapshot by Griffin Reinhart.
4:00 of 3rd period - Deflect By Kirill Kaprizov.
4:00 of 3rd period - Stopped by Zachary Fucale with a rebound.
4:02 of 3rd period - Slapshot by Niklas Hansson.
4:02 of 3rd period - Stopped by Zachary Fucale without a rebound.
4:03 of 3rd period - Morgan Klimchuk wins face-off versus Mitchell Heard in Phantoms zone.
4:33 of 3rd period - Wrist shot by Quinton Howden.
4:33 of 3rd period - Stopped by Zachary Fucale without a rebound.
4:34 of 3rd period - Quinton Howden wins face-off versus Nick Shore in Phantoms zone.
4:37 of 3rd period - Snap shot by Quinton Howden.
4:37 of 3rd period - Deflect By Kirill Kaprizov.
4:37 of 3rd period - Stopped by Zachary Fucale with a rebound.
4:43 of 3rd period - Quinton Howden is hit by Sven Andrighetto and loses puck.
4:52 of 3rd period - Slapshot by Alex DeBrincat.
4:52 of 3rd period - Goal by Alex DeBrincat - Thunderbirds : 5 - Phantoms : 3.
4:53 of 3rd period - Quinton Howden wins face-off versus Nick Shore in neutral zone.
5:04 of 3rd period - Snap shot by Nick Shore.
5:04 of 3rd period - Goal by Nick Shore - Thunderbirds : 5 - Phantoms : 4.
5:05 of 3rd period - Nick Shore wins face-off versus Quinton Howden in neutral zone.
5:07 of 3rd period - Off-side.
5:08 of 3rd period - Quinton Howden wins face-off versus Nick Shore in neutral zone.
5:33 of 3rd period - Slapshot by Tom Kuhnhackl.
5:33 of 3rd period - Shot Blocked by Jake Dotchin.
5:49 of 3rd period - Minor Penalty to Elias Lindholm for Hooking.
5:50 of 3rd period - Calle Jarnkrok wins face-off versus Quinton Howden in Thunderbirds zone.
5:55 of 3rd period - Snap shot by Travis Konecny.
5:55 of 3rd period - Stopped by Carter Hutton with a rebound.
5:57 of 3rd period - Snap shot by Calle Jarnkrok.
5:57 of 3rd period - Stopped by Carter Hutton without a rebound.
5:58 of 3rd period - Quinton Howden wins face-off versus Calle Jarnkrok in Thunderbirds zone.
7:49 of 3rd period - Penalty to Elias Lindholm is over, Elias Lindholm is back on ice.
7:57 of 3rd period - Slapshot by Clayton Keller.
7:57 of 3rd period - Stopped by Zachary Fucale with a rebound.
8:07 of 3rd period - Jake Walman is hit by Ivan Provorov and loses puck.
8:14 of 3rd period - Morgan Klimchuk is hit by Viktor Baldayev and loses puck.
8:25 of 3rd period - Snap shot by Lucas Wallmarkk.
8:25 of 3rd period - Shot Misses the Net.
8:27 of 3rd period - Slapshot by Mark Alt.
8:27 of 3rd period - Stopped by Carter Hutton with a rebound.
8:29 of 3rd period - Snap shot by Erik Nystrom.
8:29 of 3rd period - Stopped by Carter Hutton with a rebound.
8:31 of 3rd period - Slapshot by Ivan Provorov.
8:31 of 3rd period - Shot Misses the Net.
8:33 of 3rd period - Slapshot by Ivan Provorov.
8:33 of 3rd period - Stopped by Carter Hutton without a rebound.
8:34 of 3rd period - Quinton Howden wins face-off versus Lucas Wallmarkk in Thunderbirds zone.
9:22 of 3rd period - Tom Kuhnhackl is hit by Alex DeBrincat and loses puck.
10:03 of 3rd period - Wrist shot by Travis Konecny.
10:03 of 3rd period - Stopped by Carter Hutton with a rebound.
10:41 of 3rd period - Snap shot by Valentin Zykov.
10:41 of 3rd period - Stopped by Zachary Fucale without a rebound.
10:42 of 3rd period - Cristoval Nieves wins face-off versus Elias Lindholm in Phantoms zone.
11:20 of 3rd period - Wrist shot by Tom Kuhnhackl.
11:20 of 3rd period - Shot Misses the Net.
12:06 of 3rd period - Valentin Zykov is hit by Morgan Klimchuk.
12:38 of 3rd period - Slapshot by Niklas Hansson.
12:38 of 3rd period - Deflect By Elias Lindholm.
12:38 of 3rd period - Shot Misses the Net.
12:38 of 3rd period - Puck is out of play.
12:39 of 3rd period - Calle Jarnkrok wins face-off versus Quinton Howden in Phantoms zone.
12:39 of 3rd period - Calle Jarnkrok is hit by Michal Jordan.
12:51 of 3rd period - Wrist shot by Quinton Howden.
12:51 of 3rd period - Stopped by Zachary Fucale with a rebound.
12:53 of 3rd period - Snap shot by Quinton Howden.
12:53 of 3rd period - Shot Misses the Net.
13:05 of 3rd period - Mitchell Heard is hit by Nick Shore and loses puck.
13:24 of 3rd period - Minor Penalty to Mitchell Heard for High sticking.
13:25 of 3rd period - Calle Jarnkrok wins face-off versus Quinton Howden in Thunderbirds zone.
13:59 of 3rd period - Hudson Fasching is hit by Nick Shore and loses puck.
15:24 of 3rd period - Penalty to Mitchell Heard is over, Mitchell Heard is back on ice.
15:32 of 3rd period - Mitchell Heard is hit by Jake Dotchin and loses puck.
16:04 of 3rd period - Wrist shot by Brendan Leipsic.
16:04 of 3rd period - Shot Blocked by Tom Kuhnhackl.
16:20 of 3rd period - Snap shot by Nick Sorensen.
16:20 of 3rd period - Shot Misses the Net.
16:22 of 3rd period - Wrist shot by David Kampf.
16:22 of 3rd period - Stopped by Carter Hutton with a rebound.
16:24 of 3rd period - Slapshot by David Kampf.
16:24 of 3rd period - Stopped by Carter Hutton without a rebound.
16:25 of 3rd period - Calle Jarnkrok wins face-off versus Quinton Howden in Thunderbirds zone.
16:26 of 3rd period - Snap shot by Michael Bournival.
16:26 of 3rd period - Stopped by Carter Hutton without a rebound.
16:27 of 3rd period - Calle Jarnkrok wins face-off versus Quinton Howden in Thunderbirds zone.
16:32 of 3rd period - Snap shot by Travis Konecny.
16:32 of 3rd period - Stopped by Carter Hutton with a rebound.
16:34 of 3rd period - Snap shot by Calle Jarnkrok.
16:34 of 3rd period - Stopped by Carter Hutton with a rebound.
16:36 of 3rd period - Slapshot by Ivan Provorov.
16:36 of 3rd period - Shot Blocked by Niklas Hansson.
16:38 of 3rd period - Slapshot by Mark Alt.
16:38 of 3rd period - Shot Blocked by Griffin Reinhart.
16:40 of 3rd period - Snap shot by Michael Bournival.
16:40 of 3rd period - Shot Blocked by Griffin Reinhart.
16:42 of 3rd period - Slapshot by Ivan Provorov.
16:42 of 3rd period - Shot Blocked by Jerry D'Amigo.
16:52 of 3rd period - Sven Andrighetto is hit by Valentin Zykov and loses puck.
17:05 of 3rd period - Snap shot by Valentin Zykov.
17:05 of 3rd period - Shot Blocked by Mark Alt.
17:07 of 3rd period - Minor Penalty to Nick Shore for Hooking.
17:08 of 3rd period - Quinton Howden wins face-off versus Calle Jarnkrok in Phantoms zone.
17:33 of 3rd period - Backhand shot by Elias Lindholm.
17:33 of 3rd period - Shot Blocked by Jake Dotchin.
18:22 of 3rd period - Wrist shot by Michael Bournival.
18:22 of 3rd period - Deflect By Sven Andrighetto.
18:22 of 3rd period - Shot Blocked by Niklas Hansson.
18:22 of 3rd period - Puck is out of play.
18:23 of 3rd period - Quinton Howden wins face-off versus Sven Andrighetto in Thunderbirds zone.
18:32 of 3rd period - Niklas Hansson is hit by Travis Konecny and loses puck.
19:07 of 3rd period - Penalty to Nick Shore is over, Nick Shore is back on ice.
19:45 of 3rd period - Snap shot by Hudson Fasching.
19:45 of 3rd period - Stopped by Zachary Fucale with a rebound.
19:47 of 3rd period - Wrist shot by Hudson Fasching.
19:47 of 3rd period - Stopped by Zachary Fucale without a rebound.
19:48 of 3rd period - Kevin Dineen call a timeout for Phantoms.
19:48 of 3rd period - Michael Bournival wins face-off versus Kirill Kaprizov in Phantoms zone.
19:52 of 3rd period - Off-side.
19:53 of 3rd period - Calle Jarnkrok wins face-off versus Quinton Howden in neutral zone.
Goals for this period are 0 for Thunderbirds vs 2 for Phantoms.
Shots for this period are 11 for Thunderbirds vs 17 for Phantoms.